 Dungeon Crawl Stone Soup version 0.30.0-29-ga12c61a403 (webtiles) character file.

Game seed: 6132374015965314867

7025 seaoflcl the Carver (level 11, -5/83 HPs)
             Began as a Human Fighter on June 4, 2023.
             Was a High Priest of Okawaru.
             Slain by a fire elemental (12 damage)
             ... summoned by a deep elf pyromancer
             ... on level 10 of the Dungeon.
             The game lasted 00:27:09 (6100 turns).

seaoflcl the Carver (Human Fighter)                 Turns: 6100, Time: 00:27:10

Health: -5/83      AC: 10    Str: 22    XL:     11   Next: 29%
Magic:  11/11      EV: 15    Int:  8    God:    Okawaru [*****.]
Gold:   591        SH:  5    Dex: 12    Spells: 10/10 levels left

rFire   . . .        H - +0 scimitar (spect)
rCold   . . .        c - +0 buckler
rNeg    . . .        b - +0 scale mail
rPois   .            (no helmet)
rElec   .            (no cloak)
rCorr   .            s - +0 pair of gloves
SInv    .            i - +0 pair of boots
Will    .....        g - amulet of regeneration Stlth
                     C - +5 ring of evasion
HPRegen 1.13/turn    (no ring)
MPRegen 0.12/turn

%: no passive effects
@: lethally poisoned (-5 -> -6), on fire, glowing
A: no striking features
a: Renounce Religion, Heroism, Finesse, Duel


You were on level 10 of the Dungeon.
You worshipped Okawaru.
Okawaru was extremely pleased with you.
You visited 2 branches of the dungeon, and saw 11 of its levels.
You also visited: Sewer.

You collected 591 gold pieces.

Inventory:

Hand Weapons
 a - a +0 long sword
 D - the +2 trident "Feaf Elu" {speed, *Rage rF+ Int+3 Stlth+}
   (You found it on level 5 of the Dungeon)

   Int:       It affects your intelligence (+3).
   rF:        It protects you from fire.
   *Rage:     It berserks you when you make melee attacks (+20% chance).
   Stlth:     It makes you more stealthy.
 H - a +0 spectral scimitar (weapon)
 L - a +3 short sword
 N - a +1 sling of freezing
Missiles
 l - 18 poisoned darts
 B - a throwing net
 O - a boomerang (quivered)
Armour
 b - a +0 scale mail (worn)
 c - a +0 buckler (worn)
 i - a +0 pair of boots (worn)
 s - a +0 pair of gloves (worn)
Magical Staves
 n - a staff of death
Jewellery
 f - a ring of magical power
 g - an amulet of regeneration (around neck)
 C - a +5 ring of evasion (left hand)
 J - an amulet of guardian spirit
Wands
 y - a wand of roots (11)
 E - a wand of charming (15)
Scrolls
 e - 6 scrolls of teleportation
 j - a scroll of fog
 k - a scroll of noise
 m - a scroll of butterflies {unknown}
 q - a scroll of vulnerability {unknown}
 r - 2 scrolls of enchant armour
 t - a scroll of magic mapping {unknown}
 u - a scroll of silence {unknown}
 v - 3 scrolls of fear
 x - a scroll of poison {unknown}
Potions
 d - 2 potions of might
 h - 3 potions of invisibility
 o - a potion of attraction
 p - 7 potions of curing
 z - 3 potions of cancellation
 A - a potion of resistance {unknown}
 F - 2 potions of haste
 G - a potion of degeneration {unknown}
 I - a potion of flight {unknown}
 K - a potion of experience {unknown}
 M - a potion of brilliance {unknown}


   Skills:
 + Level 6.6 Fighting
 * Level 12.7 Long Blades
 - Level 1.6 Throwing
 + Level 7.1 Armour
 - Level 1.6 Dodging
 - Level 1.0 Stealth
 + Level 6.5 Shields


You had 10 spell levels left.
You didn't know any spells.
Your spell library contained the following spells:

 Spells                   Type           Power      Damage    Failure   Level
 Passage of Golubria      Tloc           0%         N/A       100%        4
 Silence                  Hex/Air        0%         N/A       100%        5
 Lehudib's Crystal Spear  Conj/Erth      0%         10d2      100%        8


Dungeon Overview and Level Annotations

Branches:
Dungeon (10/15)            Temple (1/1) D:6             Orc (0/2) D:9
  Sewer (visited)
   Lair: D:8-11

Altars:
Ashenzari
Dithmenos
Elyvilon
Fedhas
Gozag
Hepliaklqana
Kikubaaqudgha
Okawaru
Ru
Sif Muna
Vehumet
Wu Jian
Xom
Yredelemnul
Zin


Message History

The deep elf pyromancer barely misses you.
You hit the deep elf pyromancer.
The deep elf pyromancer is almost dead.
You feel sick. The fire elemental barely misses you.
The fire elemental hits you. The fire elemental burns you!
You hit the deep elf pyromancer but do no damage.
The deep elf pyromancer is almost dead.
You feel sick.
The deep elf pyromancer gestures at you while chanting.
The sticky flame hits you!
You are covered in liquid flames!
The gnoll hits you but does no damage.
The gnoll sergeant hits you from afar with a +0 spear.
The fire elemental completely misses you.
The fire elemental hits you. The fire elemental burns you!
You miss the deep elf pyromancer.
The deep elf pyromancer is almost dead.
You are covered in liquid flames!
You feel sick.
You block the deep elf pyromancer's attack.
The gnoll hits you with a +0 spear.
A gnoll comes into view. It is wielding a +0 club.
The gnoll sergeant hits you but does no damage.
The fire elemental hits you. The fire elemental burns you!
* * * LOW HITPOINT WARNING * * *
The fire elemental closely misses you.
You barely miss the deep elf pyromancer.
The deep elf pyromancer is almost dead.
You are covered in liquid flames!
* * * LOW HITPOINT WARNING * * *
You feel sick.
The deep elf pyromancer hits you with a +0 long sword.
* * * LOW HITPOINT WARNING * * *
The gnoll sergeant misses you. The fire elemental hits you.
The fire elemental burns you!
* * * LOW HITPOINT WARNING * * *
The gnoll hits you but does no damage. The fire elemental hits you.
* * * LOW HITPOINT WARNING * * *
The fire elemental burns you!
You die...

.# $..
.##⌠.⌠
#......
##.......
##........
##.°°..§...
##E°gg......
#Ege#.......
#.@###......
##E.# ......
##........#
##......##
####.## .#


You could see a deep elf pyromancer, 3 fire elementals, a gnoll sergeant and 2
gnolls.

Vanquished Creatures
  A two-headed ogre (D:8)
  Joseph (D:7)
  A komodo dragon (D:7)
  A kobold demonologist (D:9)
  A hornet (D:8)
  Sigmund (D:4)
  8 yaks
  3 wyverns (D:9)
  4 steam dragons
  Menkaure (D:7)
  2 water moccasins
  An ice beast (D:8)
  A black bear (D:4)
  A sky beast (D:8)
  2 centaurs
  3 ogres (D:6)
  2 phantoms
  A kobold brigand (D:8)
  A bullfrog (D:8)
  A gnoll sergeant (D:9)
  2 scorpions
  8 wights
  3 killer bees (D:7)
  6 howler monkeys (D:9)
  A hound (D:6)
  A jelly (D:6)
  2 orc priests (D:5)
  3 gnoll boudas
  7 iguanas
  2 sleepcaps
  2 orc wizards
  A hell rat (Sewer)
  20 gnolls
  2 river rats (Sewer)
  5 adders
  A shadow imp (D:6)
  2 white imps
  2 worms (D:4)
  2 dart slugs
  11 orcs
  7 bats
  5 endoplasms
  3 giant cockroaches
  6 goblins
  8 hobgoblins
  11 jackals
  3 quokkas
  7 ball pythons
  7 frilled lizards
  5 kobolds
  14 rats
196 creatures vanquished.

Vanquished Creatures (others)
  A slime creature (D:8)
  A white imp (D:7)
2 creatures vanquished.

Grand Total: 198 creatures vanquished

Notes
Turn   | Place    | Note
-------+----------+-------------------------------------------
     0 | D:1      | seaoflcl the Human Fighter began the quest for the Orb.
     0 | D:1      | Reached XP level 1. HP: 18/18 MP: 1/1
   112 | D:1      | Reached XP level 2. HP: 24/24 MP: 2/2
   126 | D:1      | Found a faded altar of an unknown god.
   228 | D:1      | Reached skill level 3 in Long Blades
   351 | D:1      | Reached XP level 3. HP: 29/29 MP: 3/3
   834 | D:2      | Reached skill level 4 in Long Blades
   834 | D:2      | Reached XP level 4. HP: 34/35 MP: 4/4
   969 | D:2      | Reached XP level 5. HP: 38/41 MP: 5/5
  1614 | D:3      | Reached skill level 5 in Long Blades
  2064 | D:3      | Identified the +0 leather armour "Jiepnia" {Int+6}
  2256 | D:4      | Noticed a black bear
  2271 | D:4      | Killed a black bear
  2272 | D:4      | Reached skill level 1 in Dodging
  2272 | D:4      | Reached XP level 6. HP: 40/47 MP: 6/6
  2327 | D:4      | Reached skill level 6 in Long Blades
  2530 | D:4      | Found a glowing drain.
  2573 | Sewer    | Entered a sewer
  2905 | D:4      | Reached XP level 7. HP: 49/52 MP: 7/7
  2995 | D:4      | Noticed Sigmund
  3013 | D:4      | Killed Sigmund
  3014 | D:4      | Reached skill level 7 in Long Blades
  3014 | D:4      | Reached skill level 1 in Throwing
  3347 | D:5      | Entered Level 5 of the Dungeon
  3347 | D:5      | Found a broken altar of Ashenzari.
  3401 | D:5      | Identified the +2 trident "Feaf Elu" {speed, *Rage rF+
                  | Int+3 Stlth+}
  3408 | D:5      | Found a basalt altar of Yredelemnul.
  3423 | D:5      | Reached skill level 8 in Long Blades
  3423 | D:5      | Reached XP level 8. HP: 51/58 MP: 8/8
  3615 | D:5      | Found an iron altar of Okawaru.
  3647 | D:5      | Became a worshipper of Warmaster Okawaru
  3659 | D:5      | Found a shimmering altar of Xom.
  4102 | D:6      | Found an opulent altar of Gozag.
  4206 | D:6      | Found a shadowy altar of Dithmenos.
  4325 | D:6      | Reached skill level 9 in Long Blades
  4392 | D:6      | Found a staircase to the Ecumenical Temple.
  4432 | Temple   | Entered the Ecumenical Temple
  4510 | D:6      | Identified the +1 ring mail of Lary Ysae {rPois}
  4690 | D:6      | Reached * piety under Okawaru
  4695 | D:6      | Reached XP level 9. HP: 46/64 MP: 9/9
  4883 | D:6      | Reached skill level 10 in Long Blades
  4883 | D:6      | Reached skill level 1 in Stealth
  5145 | D:7      | Noticed Joseph
  5275 | D:7      | Reached ** piety under Okawaru
  5340 | D:7      | Noticed Menkaure
  5345 | D:7      | Killed Menkaure
  5473 | D:7      | Noticed a komodo dragon
  5490 | D:7      | Killed a komodo dragon
  5491 | D:7      | Reached skill level 5 in Armour
  5504 | D:7      | Reached XP level 10. HP: 57/73 MP: 10/10
  5545 | D:7      | Killed Joseph
  5546 | D:7      | Reached skill level 11 in Long Blades
  5620 | D:7      | Found a glowing silver altar of Zin.
  5721 | D:8      | Noticed a two-headed ogre
  5727 | D:8      | Reached *** piety under Okawaru
  5728 | D:8      | Reached skill level 5 in Fighting
  5744 | D:8      | Killed a two-headed ogre
  5745 | D:8      | Reached skill level 5 in Shields
  5791 | D:8      | Reached **** piety under Okawaru
  5855 | D:8      | Received a gift from Okawaru
  5864 | D:8      | Reached skill level 12 in Long Blades
  5930 | D:8      | Noticed a cyclops
  5934 | D:8      | Noticed an eight-headed hydra
  5949 | D:9      | Noticed a kobold demonologist
  5968 | D:9      | Reached XP level 11. HP: 22/81 MP: 11/11
  6022 | D:9      | Found a staircase to the Orcish Mines.
  6063 | D:10     | Entered Level 10 of the Dungeon
  6068 | D:10     | Noticed a deep elf pyromancer
  6076 | D:10     | Reached ***** piety under Okawaru
  6100 | D:10     | Slain by a fire elemental

Illustrated notes

Levels and vault maps discovered:
D:1:      dpeg_arrival_shelter, layout_basic, serial_glass, glass_columns_a,
          glass_columns_a, glass_columns_b, glass_columns_a,
          ebering_ecumenical_altar_hall, corner_web_ring, grunt_decor_cap
D:2:      layout_loops_ring, serial_park_tiny_pond, serial_bayou_pond_e
D:3:      layout_loops_cross
D:4:      layout_gridville, cheibrodos_sewer_entry_bend, minivault_23,
          uniq_sigmund
D:5:      layout_cave_pools, ashenzari_altar_1, amcnicky_altar_gilded,
          hellmonk_okawaru_the_only_friend_you_need, yredelemnul_altar_generic
D:6:      layout_loops_corners, grunt_dithmenos_shadows,
          nicolae_gozag_cash_rules_everything_around_me,
          minmay_temple_entry_stoned_glass, hangedman_decor_diamond_cutter,
          grunt_ministairs_7
D:7:      layout_rooms, mainiacjoe_overflow_surrounded_room, nrook_mini_vaults,
          minmay_lizard_king, uniq_joseph, uniq_menkaure
D:8:      nzn_winding_woodlands_stair_cross
          [nzn_winding_woodlands_5x15_lazy_stream,
          nzn_winding_woodlands_center_triple_pond,
          nzn_winding_woodlands_5x15_crooked, nzn_winding_woodlands_5x5_three,
          nzn_winding_woodlands_hourglass, nzn_winding_woodlands_5x15_pockets,
          nzn_winding_woodlands_center_lodge,
          nzn_winding_woodlands_5x15_sawtooth], layout_cave_pools,
          lemuel_crystal_altar, mainiacjoe_overflow_catch_the_wave,
          grunt_decor_mini_mirrors, uniq_maurice
D:9:      layout_loops_ring, makhleb_altar_promises_db,
          mainiacjoe_overflow_small_starburst, slow_altar_1,
          kennysheep_little_box, lair_entry_dummy, orc_0_dummy,
          serial_bayou_pond_b
D:10:     cheibrodos_helix_gallery, layout_layer_cave, minmay_door_square,
          chequers_serial_rivers_micro_b, small_chamber_with_monster
Temple:   hellmonk_temple_two_chambers

Skill      XL: |  1  2  3  4  5  6  7  8  9 10 11 |
---------------+----------------------------------+-----
Long Blades    | 3 4 5 6 8 9 10 12 | 12.7
Dodging        | 1 |  1.6
Throwing       | 1 |  1.6
Armour         | 5 6 7 |  7.1
Stealth        | 1 |  1.0
Fighting       | 4 6 |  6.6
Shields        | 4 5 6 |  6.5

Action                     |  1- 3 |  4- 6 |  7- 9 | 10-12 || total
---------------------------+-------+-------+-------+-------++-------
  Melee: Long sword        |   104 |   230 |   101 |       ||   435
         Scimitar          |       |       |   182 |   182 ||   364
  Throw: Dart              |       |    10 |    14 |     3 ||    27
         Boomerang         |       |       |       |     5 ||     5
 Invoke: Heroism           |       |       |       |     2 ||     2
  Evoke: Wand              |       |       |       |     3 ||     3
    Use: Scroll            |       |     7 |     3 |     1 ||    11
         Potion            |       |       |     2 |     2 ||     4
   Stab: Distracted        |       |       |     1 |     5 ||     6
 Armour: Scale mail        |    58 |   108 |    69 |    51 ||   286
  Dodge: Dodged            |    56 |    99 |   184 |   126 ||   465
  Block: Buckler           |    27 |    51 |    59 |    32 ||   169
